 Dungeon Crawl Stone Soup version 0.28.0-1-gb440e238dd (webtiles) character file.

Game seed: 6250188890576843240

884 Woods the Basher (level 8, -2/46 HPs)
             Began as a Gargoyle Fighter on Feb 25, 2022.
             Was a Believer of Yredelemnul.
             Slain by a gnoll (12 damage)
             ... on level 5 of the Dungeon.
             The game lasted 00:07:53 (5426 turns).

Woods the Basher (Gargoyle Fighter)                 Turns: 5426, Time: 00:07:54

Health: -2/46      AC: 13    Str: 25    XL:     8   Next: 5%
Magic:  8/8        EV: 10    Int: 12    God:    Yredelemnul [**....]
Gold:   166        SH:  5    Dex: 15    Spells: 7/7 levels left

rFire   . . .      SeeInvis .   a - +0 flail
rCold   . . .      Faith    .   c - +0 buckler
rNeg    + . .      Spirit   .   r - +4 robe of Augmentation {Str+4 Int+4 Dex+4}
rPois   ∞          Reflect  .   (no helmet)
rElec   +          Harm     .   (no cloak)
rCorr   .          Rampage  .   j - +0 pair of gloves
Will    .....                   (no boots)
Stlth   +.........              (no amulet)
HPRegen 0.15/turn               (no ring)
MPRegen 0.11/turn               (no ring)

@: no status effects
A: sickness immunity, AC +5, negative energy resistance 1, electricity
resistance, torment resistance 1, petrification resistance
a: Renounce Religion, Recall Undead Harvest, Dark Bargain


You were on level 5 of the Dungeon.
You worshipped Yredelemnul.
Yredelemnul was noncommittal.
You visited 2 branches of the dungeon, and saw 6 of its levels.

You collected 238 gold pieces.
You spent 72 gold pieces at shops.

Inventory:

Hand Weapons
 a - a +0 flail (weapon)
Armour
 b - a +0 scale mail
 c - a +0 buckler (worn)
 j - a +0 pair of gloves (worn)
 r - the +4 robe of Augmentation (worn) {Str+4 Int+4 Dex+4}
   (You found it on level 5 of the Dungeon)

   Str:       It affects your strength (+4).
   Int:       It affects your intelligence (+4).
   Dex:       It affects your dexterity (+4).
Wands
 p - a wand of polymorph (4)
Scrolls
 d - 2 scrolls of teleportation
 f - 3 scrolls of enchant armour
 h - a scroll of summoning
 n - a scroll of noise {unknown}
 q - a scroll of identify
Potions
 e - a potion of ambrosia {unknown}
 g - 2 potions of degeneration {unknown}
 i - 2 potions of lignification {unknown}
 k - 3 potions of curing {unknown}
 l - a potion of heal wounds {unknown}
 m - a potion of mutation {unknown}
 o - a potion of cancellation {unknown}


   Skills:
 - Level 3.2 Fighting
 + Level 9.1 Maces & Flails
 - Level 3.2 Armour
 - Level 3.2 Shields


You had 7 spell levels left.
You didn't know any spells.
Your spell library contained the following spells:

 Spells                   Type           Power      Damage    Failure   Level
 Shock                    Conj/Air       0%         1d3       41%         1
 Swiftness                Air            0%         N/A       78%         3
 Airstrike                Air            0%         N/A       99%         4
 Alistair's Intoxication  Tmut/Pois      0%         N/A       100%        5
 Borgnjor's Vile Clutch   Necr/Erth      0%         N/A       100%        5
 Eringya's Noxious Bog    Tmut/Pois      0%         N/A       100%        6


Dungeon Overview and Level Annotations

Branches:
Dungeon (5/15)             Temple (1/1) D:4

Altars:
Ashenzari
Cheibriados
Dithmenos
Elyvilon
Fedhas
Gozag
Hepliaklqana
Makhleb
Nemelex Xobeh
Okawaru
Qazlal
Ru
Sif Muna
Trog
Uskayaw
Vehumet
Wu Jian
Xom
Yredelemnul
Zin
The Shining One

Shops:
D:2 **?

Annotations:
D:4 2 transporters, Edmund; croobank's ghost, weakling FeDe
D:5 2 runed translucent doors, Sigmund


Innate Abilities, Weirdness & Mutations

You are immune to sickness and miasma.
Your stone body is resilient. (AC +5)
You are immune to poison.
You resist negative energy. (rN+)
You are resistant to electric shocks. (rElec)
You are resistant to unholy torment.
You are immune to petrification.


Message History

You kill the gnoll!
You block Sigmund's attack. The gnoll completely misses you.
You block the gnoll's attack. You block the gnoll's attack.
The gnoll hits you but does no damage.
There is an open door, spattered with blood here.
Things that are here:
a +0 scythe; a +0 robe You hit Sigmund.
Sigmund is lightly wounded.
Sigmund closely misses you. The gnoll closely misses you.
The gnoll hits you but does no damage.
You thump Sigmund!
Sigmund is heavily wounded.
Sigmund gestures at you while chanting. The puff of flame hits you.
You block the gnoll's attack. The gnoll hits you with a +0 scythe.
You thump Sigmund!
Sigmund is almost dead.
Sigmund gestures at you while chanting. You resist with some effort.
The gnoll hits you but does no damage. The gnoll barely misses you.
You hit Sigmund.
Sigmund is almost dead.
You block Sigmund's attack. The gnoll hits you but does no damage.
The gnoll hits you with a +0 scythe!
You closely miss Sigmund.
Sigmund is almost dead.
The gnoll hits you but does no damage. x2
You barely miss Sigmund.
Sigmund is almost dead.
Sigmund mumbles some strange words.
Sigmund flickers and vanishes!
Deactivating autopickup; reactivate with Ctrl-A.
The gnoll hits you with a +0 scythe. The gnoll hits you with a +0 scythe!
* * * LOW HITPOINT WARNING * * *
Something hits you but does no damage.
You swap places.
The gnoll hits you from afar with a +0 scythe!
You die...
Your body rises from the dead as a mindless zombie.

#...........#
#.#
###########.#
#Z# #.# ##Z#
#####Z.#
#...#.##
#g{g#.#
##Z##.#
#ZZ@..#
#.ZZ.##
######


You could see a gnoll, a friendly iguana zombie, a friendly hound zombie, 2
friendly scorpion zombies and the friendly Ijyb the goblin zombie.

Vanquished Creatures
  Menkaure (D:4)
  2 black bears
  2 scorpions
  A hound (D:4)
  An orc priest (D:3)
  An iguana (D:5)
  Natasha (twice) (D:2)
  A gnoll (D:5)
  6 adders
  An ufetubus (D:5)
  A worm (D:4)
  5 dart slugs
  3 orcs
  5 endoplasms
  A giant cockroach (D:3)
  6 goblins
  5 hobgoblins
  3 jackals (D:3)
  5 quokkas
  3 ball pythons (D:1)
  4 bats
  2 frilled lizards
  5 kobolds
  7 rats
73 creatures vanquished.

Vanquished Creatures (collateral kills)
  A scorpion (D:5)
  3 hounds (D:5)
  Ijyb (D:5)
  An adder (D:5)
  A quokka (D:4)
7 creatures vanquished.

Vanquished Creatures (others)
  2 adder zombies
  A spectral ufetubus (D:5)
3 creatures vanquished.

Grand Total: 83 creatures vanquished

Notes
Turn   | Place    | Note
-------+----------+-------------------------------------------
     0 | D:1      | Woods the Gargoyle Fighter began the quest for the Orb.
     0 | D:1      | Reached XP level 1. HP: 14/14 MP: 1/1
   251 | D:1      | Reached XP level 2. HP: 18/19 MP: 2/2
   583 | D:1      | Reached skill level 3 in Maces & Flails
   752 | D:1      | Found a faded altar of an unknown god.
  1135 | D:2      | Reached XP level 3. HP: 18/23 MP: 3/3
  1372 | D:2      | Noticed Natasha
  1388 | D:2      | Killed Natasha
  1389 | D:2      | Reached skill level 4 in Maces & Flails
  1488 | D:2      | Noticed Natasha
  1504 | D:2      | Killed Natasha
  1505 | D:2      | Reached XP level 4. HP: 16/28 MP: 4/4
  1742 | D:2      | Found Tagulyj's Magic Scroll Shoppe.
  1773 | D:2      | Bought a scroll of identify for 28 gold pieces
  1859 | D:2      | Found a burning altar of Makhleb.
  2022 | D:2      | Found Raufuer's Assorted Antiques.
  2041 | D:2      | Bought a scroll of identify for 44 gold pieces
  2098 | D:2      | Found Doavem's Assorted Antiques.
  2098 | D:2      | You fall into a shaft and drop 2 floors!
  2098 | D:4      | Noticed a black bear
  2172 | D:3      | Noticed a black bear
  2254 | D:3      | Killed a black bear
  2255 | D:3      | Reached skill level 5 in Maces & Flails
  2255 | D:3      | Reached XP level 5. HP: 22/32 MP: 5/5
  3287 | D:3      | Reached skill level 6 in Maces & Flails
  3287 | D:3      | Reached XP level 6. HP: 35/37 MP: 6/6
  3871 | D:4      | Found a staircase to the Ecumenical Temple.
  4057 | D:4      | Killed a black bear
  4058 | D:4      | Reached skill level 7 in Maces & Flails
  4070 | Temple   | Entered the Ecumenical Temple
  4144 | Temple   | Became a worshipper of Yredelemnul the Dark
  4196 | D:4      | Reached XP level 7. HP: 41/41 MP: 7/7
  4196 | D:4      | Found a transporter.
  4199 | D:4      | Noticed croobank's ghost (weakling FeDe)
  4200 | D:4      | Found a transporter.
  4413 | D:4      | Noticed Menkaure
  4563 | D:4      | Noticed Edmund
  4572 | D:4      | Killed Menkaure
  4573 | D:4      | Reached skill level 8 in Maces & Flails
  4892 | D:5      | Entered Level 5 of the Dungeon
  4908 | D:5      | Reached * piety under Yredelemnul
  5148 | D:5      | Noticed Ijyb
  5179 | D:5      | Killed Ijyb
  5180 | D:5      | Reached ** piety under Yredelemnul
  5180 | D:5      | Reached skill level 9 in Maces & Flails
  5180 | D:5      | Reached XP level 8. HP: 35/46 MP: 8/8
  5257 | D:5      | Found the +4 robe of Augmentation {Str+4 Int+4 Dex+4}
  5288 | D:5      | Found a runed translucent door.
  5294 | D:5      | Found a runed translucent door.
  5414 | D:5      | Noticed Sigmund
  5426 | D:5      | Slain by a gnoll

Illustrated notes

Levels and vault maps discovered:
D:1:      saegor_arrival_under_anarchy, layout_loops_ring,
          hellmonk_ecumenical_altar_pennies_from_heaven
D:2:      layout_basic, basic_altar, serial_shops, shop, shop, shop,
          uniq_natasha
D:3:      layout_basic
D:4:      layout_rooms, minmay_temple_entry_stoned_glass, gammafunk_ghost_arena,
          minmay_misc_feat_more_columns, hangedman_decor_opposing,
          kennysheep_generic_room_15, uniq_menkaure, uniq_edmund
D:5:      lemuel_insect_pit, layout_basic, grunt_ministairs_1, sigmund_army,
          uniq_ijyb
Temple:   compressed_dpeg_circular_temple

Skill      XL: |  1  2  3  4  5  6  7 |
---------------+----------------------+-----
Maces & Flails | 3 4 5 6 7 9 |  9.1
Fighting       | |  3.2
Armour         | |  3.2
Shields        | |  3.2

Action                   |  1- 3 |  4- 6 |  7- 9 || total
-------------------------+-------+-------+-------++-------
Melee: Flail             |    89 |   123 |    74 ||   286
  Use: Scroll            |       |     4 |       ||     4
       Potion            |       |     1 |       ||     1
 Stab: Distracted        |       |       |     1 ||     1
Armor: Scale mail        |    38 |    80 |    54 ||   172
       Robe              |       |       |     9 ||     9
Dodge: Dodged            |    44 |    60 |    40 ||   144
Block: Buckler           |    17 |    17 |    21 ||    55
